Map: Data-C

Players

MeomaikA - Winner!

  • Race: Zerg Zerg
  • Spawn Location: 9:00

Spirit

  • Race: Terran Terran
  • Spawn Location: 3:00

Event: DreamHack SC2 Masters 2022 Atlanta (Offline)

VOD

Have the link to the VOD?

Description

Time

  • Played on: Nov. 18, 2022, 7:33 p.m.
  • Length: 9:37

All games in this series

Show
View Real Time Build Order
Export as new Build Order

MeomaikA Zerg - Winner!

Build Orders: Pool First 

Get SALT Encoding   

  12  0:00  Drone  
  13  0:12  Overlord  
  13  0:17  Drone  
  14  0:30  Drone x2  
  14  0:34  Drone  
  17  0:44  Spawning Pool  
  16  0:53  Drone  
  17  1:08  Hatchery  
  17  1:11  Drone  
  17  1:12  Extractor  
  17  1:16  Drone  
  17  1:19  Drone  
  18  1:30  Zergling x2  
  18  1:32  Queen  
  21  1:38  Drone  
  22  1:49  Overlord  
  22  2:07  Drone  
  22  2:08  Queen  
  23  2:10  Drone  
  23  2:11  Metabolic Boost  
  26  2:19  Queen  
  26  2:20  Drone  
  26  2:22  Drone  
  30  2:31  Drone  
  30  2:32  Drone  
  32  2:41  Drone x3  
  35  2:44  Drone  
  36  2:53  Overlord  
  36  3:07  Overlord  
  36  3:08  Hatchery  
  36  3:12  Lair  
  35  3:14  Drone  
  35  3:17  Drone  
  35  3:18  Drone  
  38  3:21  Drone  
  39  3:27  Drone x2, Extractor  
  39  3:28  Extractor  
  39  3:29  Drone  
  39  3:31  Drone  
  39  3:33  Drone  
  42  3:37  Drone  
  42  3:38  Drone  
  42  3:40  Drone  
  45  3:46  Drone x2  
  47  3:50  Overlord  
  47  3:52  Drone  
  47  3:54  Drone  
  49  4:02  Zergling x4  
  50  4:03  Overlord  
  50  4:05  Drone  
  51  4:10  Spire  
  51  4:14  Zergling x2  
  51  4:15  Spine Crawler  
  51  4:16  Zergling x2  
  51  4:19  Zergling x4  
  53  4:27  Drone x4  
  53  4:28  Overlord  
  57  4:36  Overlord  
  57  4:37  Drone x2  
  57  4:38  Zergling x4  
  61  4:45  Overlord  
  61  4:54  Drone  
  61  4:56  Zergling x6  
  61  4:57  Zergling x4  
  61  4:58  Zergling x4  
  68  5:02  Drone x3  
  68  5:05  Overseer  
  70  5:11  Spore Crawler  
  69  5:21  Mutalisk x6  
  69  5:28  Mutalisk  
  83  5:29  Zergling x4  
  83  5:30  Drone  
  83  5:31  Drone  
  83  5:32  Extractor x2  
  83  5:33  Drone x2  
  87  5:36  Overlord  
  87  5:43  Overlord  
  87  5:44  Queen, Drone x3  
  92  5:56  Mutalisk x2  
  97  5:57  Zergling x10  
  101  6:09  Zergling x8  
  101  6:10  Zergling x2  
  99  6:12  Zergling x2  
  92  6:20  Zergling x4  
  92  6:23  Zergling x2  
  95  6:27  Mutalisk  
  95  6:28  Mutalisk  
  95  6:32  Mutalisk  
  99  6:38  Zergling x2, Queen  
  99  6:39  Zergling x2  
  105  6:43  Mutalisk  
  105  6:46  Zerg Flyer Weapons Level 1  
  107  6:48  Drone  
  107  6:50  Hatchery  
  107  6:51  Drone  
  108  6:54  Drone  
  109  7:02  Drone x2  
  109  7:06  Overlord  
  111  7:08  Overlord x2  
  111  7:19  Overlord  
  111  7:20  Overlord  
  111  7:24  Mutalisk  
  111  7:26  Overlord  
  111  7:29  Mutalisk x5  
  123  7:36  Zergling x6  
  126  7:37  Zergling x2  
  126  7:39  Mutalisk  
  126  7:40  Zergling x2  
  130  7:45  Zergling x2  
  130  7:46  Zergling x8  
  133  7:52  Mutalisk  
  133  7:54  Mutalisk  
  133  7:57  Zergling x2  
  138  8:02  Zergling x2  
  137  8:06  Mutalisk  
  137  8:07  Mutalisk  
  141  8:13  Zergling x2, Overlord  
  141  8:14  Mutalisk  
  141  8:15  Zergling x4  
  141  8:16  Zergling x4  
  141  8:19  Zergling x2  
  150  8:20  Zergling x2  
  150  8:25  Mutalisk  
  143  8:30  Mutalisk  
  136  8:38  Mutalisk  
  136  8:39  Zergling x2  
  136  8:40  Zergling x6  
  138  8:43  Zergling x4  
  138  8:45  Zergling x2  
  138  8:46  Zergling x4  
  138  8:48  Mutalisk  
  145  8:54  Zergling x4  
  147  8:57  Zergling x4  
  147  8:58  Zergling x4  
  150  9:07  Zergling x2  
  150  9:08  Zergling x2  
  133  9:10  Zergling x2  
  133  9:11  Zergling x2  
  133  9:12  Zergling x2  
  133  9:13  Zergling x2  
  133  9:16  Zergling x2  
Show
View Real Time Build Order
Export as new Build Order

Spirit Terran 

Build Orders: Reaper Expand, Hellion Banshee 

Get SALT Encoding   

  12  0:00  SCV  
  13  0:12  SCV  
  14  0:17  Supply Depot  
  14  0:24  SCV  
  15  0:38  SCV  
  15  0:39  Barracks  
  16  0:44  Refinery  
  16  0:50  SCV  
  17  1:02  SCV  
  18  1:15  SCV  
  19  1:27  Reaper, Orbital Command  
  20  1:40  Command Center  
  20  1:47  Supply Depot  
  20  1:54  SCV  
  21  1:59  Marine  
  22  2:06  SCV  
  23  2:11  Factory  
  23  2:17  Marine  
  23  2:18  SCV  
  25  2:30  SCV  
  25  2:35  Barracks Reactor  
  26  2:40  Bunker  
  26  2:42  SCV  
  27  2:53  Orbital Command  
  27  2:56  Hellion  
  27  2:58  SCV  
  30  3:00  Starport  
  30  3:10  Command Center  
  30  3:13  SCV  
  31  3:20  Barracks Tech Lab  
  31  3:21  SCV, Refinery  
  31  3:25  SCV  
  31  3:27  Hellion  
  35  3:31  Hellion  
  35  3:33  SCV  
  38  3:37  SCV  
  39  3:45  SCV  
  39  3:46  Banshee  
  43  3:49  SCV  
  43  3:50  Hellion  
  46  4:05  SCV x2  
  46  4:06  Hellion  
  46  4:07  Barracks Tech Lab  
  46  4:09  Supply Depot  
  50  4:14  Hellion  
  52  4:18  SCV x2  
  54  4:24  Orbital Command  
  54  4:28  Liberator  
  54  4:29  Marine  
  54  4:30  SCV x2  
  60  4:35  Supply Depot  
  60  4:36  Stimpack  
  62  4:42  SCV x2  
  62  4:52  Factory Reactor  
  62  4:53  Orbital Command  
  62  4:54  SCV x2  
  62  4:55  Barracks  
  62  4:56  Refinery, Barracks  
  59  5:02  Refinery  
  59  5:03  Marine  
  59  5:04  Engineering Bay  
  59  5:06  SCV x2  
  62  5:12  Engineering Bay  
  62  5:18  SCV x2  
  62  5:20  SCV  
  65  5:22  Marine  
  65  5:25  Barracks  
  65  5:27  Barracks  
  66  5:29  Starport Reactor  
  66  5:30  SCV x2  
  66  5:32  SCV  
  69  5:36  Terran Infantry Weapons Level 1  
  69  5:38  Supply Depot  
  69  5:40  Bunker, Terran Infantry Armor Level 1  
  69  5:42  SCV x2  
  71  5:43  Marine x2  
  71  5:44  SCV  
  74  5:51  Marine x2  
  74  5:52  Supply Depot  
  74  5:54  SCV x2, Marine  
  74  5:56  SCV  
  74  5:57  Siege Tank  
  83  6:01  Marine  
  83  6:02  Missile Turret  
  83  6:03  Marine  
  85  6:06  SCV x2  
  85  6:07  Supply Depot  
  85  6:10  Marine x2  
  83  6:11  Marine  
  83  6:12  Missile Turret  
  83  6:14  Marine x2  
  77  6:19  Marine  
  77  6:21  Marine  
  77  6:25  Medivac x2  
  79  6:28  Marine x2  
  81  6:33  Siege Tank  
  81  6:35  Combat Shield  
  81  6:37  Barracks Reactor x2  
  81  6:39  Marine x2  
  81  6:42  SCV  
  81  6:46  Missile Turret, Marine  
  83  6:48  SCV  
  83  6:50  Marine  
  85  7:00  Supply Depot x2  
  85  7:01  SCV  
  85  7:12  Orbital Command  
  85  7:19  Armory  
  85  7:21  Medivac x2, Siege Tank, Marine x5  
  85  7:22  SCV x2  
  99  7:24  Marine  
  99  7:30  Marine x2  
  101  7:37  Marine  
  101  7:38  SCV x3  
  101  7:39  Marine x4  
  101  7:41  Supply Depot  
  109  7:44  Marine x2  
  109  7:45  Supply Depot  
  109  7:47  Marine  
  109  7:50  SCV x3  
  111  7:53  Siege Tank  
  111  7:54  Missile Turret  
  111  7:57  Marine  
  115  8:02  SCV x2  
  115  8:03  SCV  
  115  8:04  Marine  
  115  8:14  SCV x2  
  115  8:15  SCV, Refinery  
  115  8:18  Supply Depot  
  118  8:26  SCV  
  120  8:27  Marine  
  120  8:35  SCV  
  120  8:38  SCV  
  120  8:39  Command Center  
  120  8:40  Thor  
  118  8:44  SCV  
  118  8:45  Bunker  
  118  8:48  SCV, Marine x4  
  120  8:54  Marine x3  
  127  8:57  Marine x2  
  127  8:58  SCV  
  130  9:05  Supply Depot  
  130  9:06  Marine  
  130  9:09  Marine  
  117  9:10  Marine x2  
  117  9:12  Marine x3  
  117  9:15  Marine x2  
Tags
 
Add a new tag
Caveats
  • Supply blocks, unpowered buildings, or Contaminate may cause inaccurate times.
  • Supply counts are checked every 10 seconds.